 Dungeon Crawl Stone Soup version 0.30-a0-154-gb106f4c828 (webtiles) character file.

Game seed: 13920894423694055776

119 Aibolit the Ducker (level 5, -3/35 HPs)
             Began as a Djinni Hedge Wizard on Sept 27, 2022.
             Killed from afar by Julmuri's ghost (10 damage)
             ... with a magic dart
             ... on level 3 of the Dungeon.
             The game lasted 00:08:25 (4253 turns).

Aibolit the Ducker (Djinni Hedge Wizard)            Turns: 4253, Time: 00:08:26

Health: -3/35      AC:  3    Str:  9    XL:     5   Next: 24%
Gold:   180        EV: 28    Int: 17    God:
                   SH:  0    Dex: 13

rFire   + + .      SeeInvis .    k - staff of conjuration
rCold   x . .      Faith    .    (no shield)
rNeg    . . .      Spirit   .    b - +0 robe
rPois   ∞          Reflect  .    c - +0 hat
rElec   .          Harm     .    v - scarf {repulsion}
rCorr   .          Rampage  .    j - +0 pair of gloves
Will    .....                    (boots unavailable)
Stlth   ++........               A - amulet of the acrobat
HPRegen 0.11/turn                s - ring of magical power
MPRegen 0.00/turn                (no ring)

@: acrobatic, flying, repel missiles
A: sickness immunity, fire resistance 2, cold vulnerability 1, float, innate
caster, HP casting, extra vitality 1
a: no special abilities


You were on level 3 of the Dungeon.
You visited 1 branch of the dungeon, and saw 3 of its levels.

You collected 180 gold pieces.

Inventory:

Hand Weapons
 a - a +0 dagger
Armour
 b - a +0 robe (worn)
 c - a +0 hat (worn)
 e - a +0 cloak
 j - a +0 pair of gloves (worn)
 v - a scarf of repulsion (worn)
 x - a +0 helmet
Magical Staves
 k - a staff of conjuration (weapon)
 p - a staff of conjuration
Jewellery
 s - a ring of magical power (left hand)
 A - an amulet of the acrobat (around neck)
Scrolls
 f - a scroll of teleportation {unknown}
 l - 3 scrolls of blinking
 n - a scroll of vulnerability {unknown}
 q - a scroll of acquirement {unknown}
 r - a scroll of fear {unknown}
 u - a scroll of magic mapping
 w - 2 scrolls of torment {unknown}
 y - a scroll of enchant armour {unknown}
 z - a scroll of noise {unknown}
 C - a scroll of poison {unknown}
Potions
 d - a potion of curing {unknown}
 h - a potion of cancellation {unknown}
 i - a potion of haste {unknown}
 m - 2 potions of might
 o - a potion of magic {unknown}
 t - a potion of degeneration {unknown}
 B - a potion of attraction {unknown}


   Skills:
 + Level 3.6 Dodging
 + Level 2.8 Stealth
 + Level 3.1 Spellcasting


You couldn't memorise any spells.
You knew the following spells:

 Your Spells              Type           Power      Damage    Failure   Level
a - Magic Dart            Conj           80%        1d7       4%          1
b - Slow                  Hex            52%        N/A       4%          1
c - Blink                 Tloc           26%        N/A       7%          2
d - Call Imp              Summ           13%        N/A       7%          2
e - Cigotuvi's Dreadful   Necr/Pois/Air  26%        N/A       7%          2
f - Mephitic Cloud        Conj/Pois/Air  20%        N/A       14%         3
g - Freeze                Ice            52%        1d7       4%          1
h - Scorch                Fire           26%        2d6       7%          2
Your spell library was empty.

Dungeon Overview and Level Annotations

Branches:
Dungeon (3/15)

Altars:
Okawaru
Uskayaw
Xom
The Shining One

Annotations:
D:3 1 transporter, Julmuri's ghost, amateur DrCj


Innate Abilities, Weirdness & Mutations

You are immune to sickness and miasma.
You are immune to poison.
Your flesh is very heat resistant. (rF++)
You are vulnerable to cold. (rC-)
You float through the air rather than walking.
You learn spells naturally, not from books.
Your magical power is your life essence.
You have superior vitality. (+4 MHP)


Message History

You see here a metallic puce potion.
Julmuri's ghost hits you.
The ball python completely misses you. x2
Your crimson imp blinks!
The rat attacks as you move away! The rat misses you.
Julmuri's ghost attacks as you move away!
Julmuri's ghost hits you.
You swap places.
The rat misses your crimson imp.
Your crimson imp barely misses the rat.
Aiming: Magic Dart (safe; 4% risk of failure)
Press: ? - help, Q - select action, (/) - cycle Shift-Dir - straight line, f - Julmuri's ghost
Aim: Julmuri's ghost (moderately damaged, 100% to hit)
Okay, then.
The rat completely misses your crimson imp.
Your crimson imp hits the rat.
Aiming: Magic Dart (safe; 4% risk of failure)
Press: ? - help, Q - select action, (/) - cycle Shift-Dir - straight line You feel a surge of power!
The magic dart hits Julmuri's ghost.
Julmuri's ghost is moderately damaged.
* * * LOW HITPOINT WARNING * * *
The rat misses your crimson imp.
Your crimson imp hits the rat.
The rat dies!
Julmuri's ghost attacks as you move away!
Julmuri's ghost closely misses you. The ball python barely misses you.
The ball python completely misses you. The ball python barely misses you.
The ball python completely misses you.
Julmuri's ghost attacks as you move away!
Julmuri's ghost hits you but does no damage.
Your crimson imp closely misses the ball python.
Julmuri's ghost attacks as you move away!
Julmuri's ghost completely misses you. Julmuri's ghost casts a spell at you.
The magic dart hits you.
* * * LOW HITPOINT WARNING * * *
Something barely misses your crimson imp. x2
Something closely misses your crimson imp.
Something barely misses your crimson imp.
Your crimson imp blinks!
Julmuri's ghost casts a spell at you. The magic dart hits you!
You die...

..........<.....###.###...#####
###.#.#.......................##
.....................##........##
###.##...#########...###.........
#.##..##©......##..# ###.....##
#>##..#8..#.#..8#..# ##...##
#.##..#..#...#..#..# ####.##
#..#..#.5...))..#..## #....#
#....©#[...©..@.#©..# #....#
#.##..#!........#...# #...##
#.##.÷#..#..S#W.#..## ##.##
#.##..#8..#.#..8#..# #.#
#.##..##!......##..# #.#
#.##...#########...# #.#
#(#................# #.#
#..##.............## #.#
#.....###.###....## #.#


You could see Julmuri's ghost (ally target), a ball python and a friendly
crimson imp (summoned).

Vanquished Creatures
  4 adders
  A worm (D:2)
  2 dart slugs (D:1)
  2 orcs
  7 endoplasms
  3 giant cockroaches
  9 goblins
  8 hobgoblins
  3 jackals (D:1)
  A kobold (D:1)
  3 quokkas
  8 ball pythons
  5 bats
  4 frilled lizards (D:3)
  7 rats
67 creatures vanquished.

Vanquished Creatures (collateral kills)
  A rat (D:3)
1 creature vanquished.

Grand Total: 68 creatures vanquished

Notes
Turn   | Place    | Note
-------+----------+-------------------------------------------
     0 | D:1      | Aibolit the Djinni Hedge Wizard began the quest for the
                  | Orb.
     0 | D:1      | Aibolit set off with the following spells memorised: Magic
                  | Dart, Slow, Blink, Call Imp, Cigotuvi's Dreadful Rot,
                  | Mephitic Cloud.
     0 | D:1      | Reached XP level 1. HP: 15/15 MP: 0/0
   219 | D:1      | Reached XP level 2. HP: 18/21 MP: 0/0
   823 | D:1      | Reached XP level 3. HP: 18/25 MP: 0/0
   823 | D:1      | Learned a level 1 spell: Freeze
  2392 | D:2      | Reached XP level 4. HP: 27/31 MP: 0/0
  3160 | D:3      | Found a faded altar of an unknown god.
  3251 | D:3      | Found an iron altar of Okawaru.
  3624 | D:3      | Found a transporter.
  3624 | D:3      | Noticed Julmuri's ghost (amateur DrCj)
  3693 | D:3      | Found a transporter.
  3714 | D:3      | Reached XP level 5. HP: 32/35 MP: 0/0
  3714 | D:3      | Learned a level 2 spell: Scorch
  3952 | D:3      | Found a shimmering altar of Xom.
  3952 | D:3      | Found a hide-covered altar of Uskayaw.
  3953 | D:3      | Found a glowing golden altar of the Shining One.
  4253 | D:3      | Killed from afar by Julmuri's ghost

Illustrated notes

Levels and vault maps discovered:
D:1:      minmay_arrival_hallway, layout_loops_cross
D:2:      layout_basic, minmay_hexomino_f4
D:3:      minmay_diamond_boxcup, layout_loops_ring, kennysheep_okawaru_gauntlet,
          chequers_temple_overflow_statue_of_worship,
          hellmonk_ecumenical_altar_heavens_door, gammafunk_ghost_arena

Skill      XL: |  1  2  3  4 |
---------------+-------------+-----
Stealth        | 2 |  2.8
Dodging        | 3 |  3.6
Spellcasting   | 3 |  3.1

Action                   |  1- 3 |  4- 6 || total
-------------------------+-------+-------++-------
Melee: Dagger            |     5 |       ||     5
 Cast: Magic Dart        |    93 |    60 ||   153
       Call Imp          |       |     3 ||     3
       Scorch            |       |     2 ||     2
  Use: Scroll            |       |     4 ||     4
Armor: Robe              |       |     4 ||     4
Dodge: Dodged            |    15 |    24 ||    39

Table legend: (Time is in decaauts)
 A = Elapsed time spent in this place.
 B = Non-inter-level travel time spent in this place.
 C = Inter-level travel time spent in this place.
 D = Time resting spent in this place.
 E = Time spent auto-exploring this place.
 F = Levels seen in this place.
 G = Mean time per level.
                   A        B        C        D        E       F      G
               +--------+--------+--------+--------+--------+-----+--------+
         Total |   4250 |   3985 |    265 |    303 |   3287 |   3 | 1416.7 |
       Dungeon |   4250 |   3985 |    265 |    303 |   3287 |   3 | 1416.7 |
               +--------+--------+--------+--------+--------+-----+--------+

Top non-repeatable levels by time:
     D:1: 1828 daAuts
     D:2: 1315 daAuts
     D:3: 1107 daAuts
